 Dungeon Crawl Stone Soup version 0.17-a0-1763-g847a857 (webtiles) character file.

11 luca467 the Digger (level 2, -1/15 HPs)
             Began as a Gargoyle Earth Elementalist on Sept 4, 2015.
             Slain by a giant gecko (2 damage)
             ... on level 1 of the Dungeon.
             The game lasted 00:08:36 (720 turns).

luca467 the Digger (Gargoyle Earth Elementalist)     Turns: 720, Time: 00:08:36

Health: -1/15      AC:  4    Str: 15    XL:     2   Next: 29%
Magic:  5/5        EV: 12    Int: 15    God:
Gold:   46         SH:  0    Dex: 10    Spells: 1 memorised, 4 levels left

rFire  . . .     SeeInvis .     g - +0 club (curse)
rCold  . . .     Clarity  .     b - +0 robe
rNeg   + . .     SustAt   .     (no shield)
rPois  ∞         Gourm    .     (no helmet)
rElec  +         Spirit   .     (no cloak)
rCorr  .         Warding  .     (no gloves)
rMut   .         Stasis   .     (no boots)
MR     .....                    (no amulet)
Stlth  ++........               (no ring)
                                f - +4 ring of strength

@: not resistant to hostile enchantments, unstealthy
A: negative energy resistance 1, electricity resistance, unbreathing,
petrification resistance, rot immunity, AC +2
a: no special abilities


You were on level 1 of the Dungeon.
You were not hungry.

You visited 1 branch of the dungeon, and saw 1 of its levels.

You collected 46 gold pieces.

Inventory:

Hand weapons
 g - a cursed +0 club (weapon)
Missiles
 a - 67 stones (quivered)
Armour
 b - a +0 robe (worn)
 i - a +0 robe
 j - a +0 leather armour
 m - a +0 cloak
Jewellery
 f - a +4 ring of strength (left hand)
Scrolls
 h - 2 scrolls of identify
 l - a scroll of remove curse {unknown}
Potions
 e - a potion of cancellation {unknown}
 k - a potion of curing {unknown}
Books
 c - a book of Geomancy

   Spells                             Type                      Level
   a - Sandblast                      Earth                        1
   b - Stoneskin                      Transmutation/Earth          2
   c - Passwall                       Transmutation/Earth          3
   d - Stone Arrow                    Conjuration/Earth            3
   e - Petrify                        Transmutation/Earth          4
   f - Lee's Rapid Deconstruction     Earth                        5
Comestibles
 d - 2 bread rations
 n - a slice of pizza


   Skills:
 + Level 1.8 Dodging
 + Level 2.3 Stealth
 + Level 2.1 Spellcasting
   Level 0.7 Transmutations
 + Level 4.0 Earth Magic


You had 4 spell levels left.
You knew the following spells:

 Your Spells              Type           Power        Failure   Level  Hunger
a - Sandblast             Erth           ##....       4%          1    #......


Dungeon Overview and Level Annotations

Branches:
Dungeon (1/15)

Altars:


Innate Abilities, Weirdness & Mutations

You are resistant to torment.
Your stone body is resilient (AC +2).
You are immune to poison.
You resist negative energy.
You are resistant to electric shocks.
You can survive without breathing.
You are immune to petrification.
You are immune to rotting.


Message History

You closely miss the hobgoblin.
The hobgoblin is severely wounded.
The hobgoblin barely misses you. x2
You hit the hobgoblin.
You kill the hobgoblin!
You see here a club.
h - 2 scrolls of identify (gained 1)
A giant gecko comes into view.
The giant gecko bites you.
* * * LOW HITPOINT WARNING * * *
You closely miss the giant gecko.
The giant gecko bites you but does no damage.
You barely miss the giant gecko.
The giant gecko bites you but does no damage. x2
You closely miss the giant gecko. The giant gecko closely misses you.
You miss the giant gecko. The giant gecko bites you.
* * * LOW HITPOINT WARNING * * *
The giant gecko misses you.
You miss the giant gecko. The giant gecko bites you.
You die...

### #.#.....
#####.....#.
..........#.######
..........#......#
..........##.###.#
..........##.# #@#
.....##+#....# #l#
..(..##......###.#
.....##..##...##.#
.....##..##)#.##.#
.....##..##.#.##.#
.....##..##.#.##.#
#######..##.#.#...
.........#... #


You could see a giant gecko.

Vanquished Creatures
  3 goblins (D:1)
  4 hobgoblins (D:1)
  A bat (D:1)
  A giant newt (D:1)
  A kobold (D:1)
10 creatures vanquished.

Notes
Turn   | Place    | Note
--------------------------------------------------------------
     0 | D:1      | luca467 the Gargoyle Earth Elementalist began the quest for the Orb.
     0 | D:1      | Reached XP level 1. HP: 10/10 MP: 3/3
   463 | D:1      | Reached skill level 4 in Earth Magic
   463 | D:1      | Reached XP level 2. HP: 1/15 MP: 1/5
   720 | D:1      | Slain by a giant gecko

Vault maps used:
D:1:      dpeg_arrival_long_road

Action                   || total
-------------------------++-------
Melee: Club              ||    34
 Cast: Sandblast         ||    11
  Use: Scroll            ||     2
 Stab: Sleeping          ||     1
